 Dungeon Crawl Stone Soup version 0.27-a0-1140-g099f9bb0e8 (webtiles) character file.

Game seed: 13198207893451387162

46 leviel the Shield-Bearer (level 3, -3/33 HPs)
             Began as a Minotaur Fighter on May 9, 2021.
             Slain by Sigmund
             ... wielding a +2 scythe of venom
              (8 damage)
             ... on level 2 of the Dungeon.
             The game lasted 00:00:50 (947 turns).

leviel the Shield-Bearer (Minotaur Fighter)          Turns: 947, Time: 00:00:50

Health: -3/33      AC:  7    Str: 20 (21) XL:     3   Next: 46%
Magic:  2/2        EV:  7    Int:  3 (5)  God:
Gold:   13         SH:  9    Dex:  8 (9)  Spells: 2/2 levels left

rFire    . . .     SeeInvis .   a - +0 war axe
rCold    . . .     Faith    .   c - +0 kite shield
rNeg     . . .     Spirit   .   b - +0 scale mail
rPois    .         Reflect  .   (helmet restricted)
rElec    .         Harm     .   (no cloak)
rCorr    .         Rampage  .   (no gloves)
Will     .....                  (no boots)
Stlth    ..........             (no amulet)
HPRegen  0.11/turn              (no ring)
MPRegen  0.08/turn              (no ring)

@: no status effects
A: horns 2, retaliatory headbutt
a: no special abilities


You were on level 2 of the Dungeon.
You visited 1 branch of the dungeon, and saw 2 of its levels.

You collected 13 gold pieces.

Inventory:

Hand Weapons
 a - a +0 war axe (weapon)
Missiles
 h - 7 atropa-tipped darts (quivered)
Armour
 b - a +0 scale mail (worn)
 c - a +0 kite shield (worn)
Jewellery
 m - a +6 ring of dexterity
 n - a ring of positive energy
 p - a ring of fire
Scrolls
 e - 2 scrolls of identify {unknown}
 l - a scroll of noise {unknown}
Potions
 d - a potion of might
 g - a potion of mutation {unknown}
 i - a potion of lignification {unknown}
 j - a potion of curing {unknown}
 k - a potion of heal wounds {unknown}
 o - a potion of flight {unknown}


   Skills:
 + Level 4.0 Fighting
 * Level 3.4 Axes
 + Level 4.1 Armour
 + Level 4.1 Shields


You had 2 spell levels left.
You didn't know any spells.
Your spell library contained the following spells:

 Spells                   Type           Power      Damage    Failure   Level
 Corona                   Hex            0%         N/A       100%        1
 Ensorcelled Hibernation  Hex/Ice        0%         N/A       100%        2
 Confusing Touch          Hex            0%         N/A       100%        3
 Dazzling Flash           Conj/Hex       0%         N/A       100%        3
 Tukima's Dance           Hex            0%         N/A       100%        3


Dungeon Overview and Level Annotations

Branches:
Dungeon (2/15)

Altars:

Annotations:
D:2 Sigmund


Innate Abilities, Weirdness & Mutations

You have a pair of horns on your head.
You reflexively headbutt those who attack you in melee.


Message History

a +0 club; a goblin corpse
o - a green potion
p - a ring of fire A ball python comes into view.
The ball python hisses angrily.
Found a stone staircase leading up.
You closely miss the ball python. You headbutt the ball python.
You kill the ball python!
No target in view!
No target in view!
No target in view!
No target in view!
No target in view!
No target in view!
No target in view!
No target in view!
Sigmund the Dreaded comes into view.
He is wielding a +2 scythe of venom.
Sigmund shouts!
Sigmund moves out of view.
Found an escape hatch in the ceiling.
A hobgoblin comes into view.
A hobgoblin is nearby!
Found a stone staircase leading up.
An adder zombie comes into view.
You block Sigmund's attack. Sigmund gestures at you while chanting.
The magic dart hits you. You block the hobgoblin's attack.
You closely miss Sigmund.
Your shield and scale mail prevent you from hitting the hobgoblin.
Sigmund gestures at you while chanting. The puff of flame hits you!
The hobgoblin hits you.
Sigmund hits you with a +2 scythe of venom!
* * * LOW HITPOINT WARNING * * *
The hobgoblin hits you.
* * * LOW HITPOINT WARNING * * *
It was a potion of degeneration.
There was something very wrong with that liquid.
You feel weakened.
You feel dopey.
You feel clumsy.
Sigmund hits you with a +2 scythe of venom!
You die...

#...##..... ####......... .
..#. <...........#.. ....
........................
.<..................... #.
..###.................. #.
......Z..g@............ #.
.........@##..### ..... +.
....<............. #... #.
.............#..##..#...##.
+#............#..##.....†...
......................#.....
.............##.......#.....
............................
...................>........
.............###.....#..##..


You could see Sigmund, an adder zombie and a hobgoblin.

Vanquished Creatures
  A gnoll (D:1)
  A white imp (D:2)
  A worm (D:2)
  A dart slug (D:1)
  3 endoplasms (D:1)
  A giant cockroach (D:1)
  4 goblins
  A hobgoblin (D:1)
  3 kobolds
  2 quokkas (D:1)
  4 ball pythons
  2 bats
24 creatures vanquished.

Notes
Turn   | Place    | Note
-------+----------+-------------------------------------------
     0 | D:1      | leviel the Minotaur Fighter began the quest for the Orb.
     0 | D:1      | Reached XP level 1. HP: 19/19 MP: 0/0
   154 | D:1      | Reached XP level 2. HP: 26/27 MP: 1/1
   618 | D:1      | Reached XP level 3. HP: 33/33 MP: 2/2
   941 | D:2      | Noticed Sigmund
   947 | D:2      | Slain by Sigmund

Illustrated notes

Levels and vault maps discovered:
D:1:      wheals_arrival_shading, layout_basic
D:2:      layout_basic, uniq_sigmund

Skill      XL: |  1  2 |
---------------+-------+-----
Axes           | 3 |  3.4
Shields        | 4 |  4.1
Fighting       | 4 |  4.0
Armour         | 4 |  4.1

Action                   || total
-------------------------++-------
Melee: War axe           ||    47
       Headbutt          ||     6
  Use: Potion            ||     1
Armor: Scale mail        ||    21
Dodge: Dodged            ||    18
Block: Kite shield       ||    19

Table legend: (Time is in decaauts)
 A = Elapsed time spent in this place.
 B = Non-inter-level travel time spent in this place.
 C = Inter-level travel time spent in this place.
 D = Time resting spent in this place.
 E = Time spent auto-exploring this place.
 F = Levels seen in this place.
 G = Mean time per level.
                   A        B        C        D        E       F      G
               +--------+--------+--------+--------+--------+-----+--------+
         Total |    973 |    940 |     33 |      0 |    782 |   2 |  486.5 |
       Dungeon |    973 |    940 |     33 |      0 |    782 |   2 |  486.5 |
               +--------+--------+--------+--------+--------+-----+--------+

Top non-repeatable levels by time:
     D:1: 707 daAuts
     D:2: 266 daAuts
